 Dungeon Crawl Stone Soup version 0.18-a0-337-g1235303 (webtiles) character file.

67 4thArraOfDagon the Slasher (level 4, 0/42 HPs)
             Began as a Naga Chaos Knight on Nov 28, 2015.
             Slain by a centaur skeleton (3 damage)
             ... on level 4 of the Dungeon.
             The game lasted 00:04:34 (698 turns).

4thArraOfDagon the Slasher (Naga Chaos Knight)       Turns: 698, Time: 00:04:35

Health: 0/42       AC:  6    Str: 14    XL:     4   Next: 18%
Magic:  4/4        EV: 14    Int: 14    God:    Xom [....*.]
Gold:   108        SH:  0    Dex: 15    Spells: 0 memorised, 3 levels left

rFire  . . .     SeeInvis +     a - +0 falchion (chaos)
rCold  . . .     Clarity  .     b - +2 leather armour
rNeg   . . .     SustAt   .     (no shield)
rPois  +         Gourm    .     (no helmet)
rElec  .         Spirit   .     (no cloak)
rCorr  .         Warding  .     d - +0 pair of gloves
rMut   .         Stasis   .     (no barding)
MR     .....                    (no amulet)
Stlth  ++........               (no ring)
                                (no ring)

@: agile, very slow, not resistant to hostile enchantments, unstealthy
A: see invisible, deformed body, poison resistance, slowness 2, slow metabolism
1, spit poison 2, AC +1
a: Spit Poison, Renounce Religion


You were on level 4 of the Dungeon.
You worshipped Xom.
You were a beloved toy of Xom.
You were not hungry.

You visited 1 branch of the dungeon, and saw 4 of its levels.

You collected 108 gold pieces.

Inventory:

Hand Weapons
 a - a +0 falchion of chaos (weapon)
 p - a +0 whip of draining
Armour
 b - a +2 leather armour (worn)
 d - a +0 pair of gloves (worn)
Wands
 m - a wand of random effects (41)
Scrolls
 i - 3 scrolls of identify {unknown}
 k - a scroll of remove curse {unknown}
 n - a scroll of teleportation {unknown}
Potions
 e - a potion of mutation {unknown}
 h - a potion of agility
 j - a potion of poison
 l - a potion of might {unknown}
 o - a potion of magic {unknown}
Comestibles
 c - 3 bread rations
 f - a meat ration
 g - a chunk of flesh


   Skills:
 + Level 3.4 Fighting
 * Level 3.7 Long Blades
 + Level 2.2 Armour
 + Level 1.5 Dodging


You had 3 spell levels left.
You didn't know any spells.

Dungeon Overview and Level Annotations

Branches:
Dungeon (4/15)
 Temple: D:4-7

Altars:


Innate Abilities, Weirdness & Mutations

You cannot wear boots.
Your serpentine skin is tough (AC +1).
You have supernaturally acute eyesight.
Armour fits poorly on your strangely shaped body.
Your system is resistant to poisons.
You cover ground very slowly.
You have a slow metabolism.
You can spit poison.


Message History

Unknown command.
Drink which item? (? for menu, Esc to quit)
You feel agile all of a sudden.
The centaur skeleton hits you but does no damage.
Your shadow imp hits the centaur skeleton.
The centaur skeleton closely misses you.
Unknown command.
Your shadow imp hits the worm.
Unknown command.
Unknown command.
The centaur skeleton hits you but does no damage.
Unknown command.
Unknown command.
The centaur skeleton hits you.
* * * LOW HITPOINT WARNING * * *
Unknown command.
Unknown command.
Unknown command.
The centaur skeleton hits you.
You die...

.. #.# #.# # #..
#.###.. ##(....##
##....$..#### ##....
#.@...#
#.....##Z###.###
#.....w5......## .#
##.............#...#
#...........<†..#
###...............#
..................#
..#...............(.
.
#.$.................


You could see a worm, a centaur skeleton and a friendly shadow imp.

Vanquished Creatures
  3 gnolls (D:3)
  4 worms
  2 giant cockroaches
  4 goblins
  2 jackals (D:1)
  A quokka (D:2)
  2 ball pythons
  2 bats (D:2)
  A giant newt (D:2)
  7 kobolds
  3 rats
31 creatures vanquished.

Notes
Turn   | Place    | Note
--------------------------------------------------------------
     0 | D:1      | 4thArraOfDagon the Naga Chaos Knight began the quest for the Orb.
     0 | D:1      | Reached XP level 1. HP: 21/21 MP: 1/1
    91 | D:1      | rly
   224 | D:2      | Reached skill level 1 in Dodging
   226 | D:2      | XOM: potion effect (might)
   232 | D:2      | Reached XP level 2. HP: 28/28 MP: 2/2
   248 | D:1      | XOM: divination: detect creatures
   369 | D:2      | Reached XP level 3. HP: 32/34 MP: 3/3
   553 | D:3      | still laughing?
   559 | D:3      | XOM: fake destruction
   568 | D:3      | whose laughing now
   583 | D:3      | Reached XP level 4. HP: 12/42 MP: 4/4
   692 | D:4      | XOM: summons friendly shadow imp
   698 | D:4      | Slain by a centaur skeleton

Vault maps used:
D:1:      dpeg_arrival_brainrot
D:2:      first_bread
D:3:      lemuel_round_altar
D:4:      gup_sewer_entry_spiral

Action                   |  1- 3 |  4- 6 || total
-------------------------+-------+-------++-------
Melee: Falchion          |    95 |     7 ||   102
 Abil: Spit Poison       |    14 |     1 ||    15
  Use: Potion            |     4 |     1 ||     5
 Stab: Paralysed         |     3 |       ||     3
